 Dungeon Crawl Stone Soup version 0.22.0-60-ga52c2fc (webtiles) character file.

783 Anon1729 the Chopper (level 7, -7/67 HPs)
             Began as a Naga Gladiator on Sept 9, 2018.
             Killed by divine providence
             ... invoked by an orc priest
              (10 damage)
             ... on level 4 of the Dungeon.
             The game lasted 00:07:22 (4336 turns).

Anon1729 the Chopper (Naga Gladiator)               Turns: 4336, Time: 00:07:22

Health: -7/67      AC: 10    Str: 16    XL:     7   Next: 86%
Magic:  7/7        EV:  9    Int:  8    God:
Gold:   191        SH:  0    Dex: 13    Spells: 6/6 levels left

rFire    . . .     SeeInvis +   p - +0 battleaxe
rCold    . . .     Gourm    .   (shield currently unavailable)
rNeg     . . .     Faith    .   h - +0 ring mail
rPois    +         Spirit   .   c - +0 helmet
rElec    .         Reflect  .   j - +2 cloak
rCorr    .         Harm     .   (no gloves)
MR       .....     Rnd*Rage +   (no barding)
Stlth    +.........             (no amulet)
HPRegen  0.21/turn              (no ring)
MPRegen  0.10/turn              (no ring)

@: very slow
A: large, rugged brown scales 1, see invisible, berserk 1, deformed body, dopey
1, poison resistance, slowness 2, slow metabolism 1, spit poison 1, AC +2
a: Spit Poison


You were on level 4 of the Dungeon.
You were not hungry.

You visited 1 branch of the dungeon, and saw 4 of its levels.

You collected 191 gold pieces.

Inventory:

Hand Weapons
 a - a +0 war axe
 p - a +0 battleaxe (weapon)
Missiles
 d - 3 throwing nets
 o - 4 poisoned javelins (quivered)
Armour
 b - a +0 leather armour
 c - a +0 helmet (worn)
 g - a +2 robe of magic resistance
 h - a +0 ring mail (worn)
 j - a +2 cloak (worn)
Wands
 k - a wand of polymorph (23)
Scrolls
 i - a scroll of blinking {unknown}
 l - 7 scrolls of identify {unknown}
 m - 2 scrolls of enchant weapon {unknown}
 n - a scroll of magic mapping {unknown}
 r - a scroll of remove curse {unknown}
Potions
 e - 4 potions of curing
Comestibles
 f - 8 rations
 q - 3 chunks of flesh


   Skills:
 + Level 4.4 Fighting
 * Level 6.5 Axes
 - Level 2.0 Throwing
 + Level 3.1 Armour
 - Level 3.0 Dodging


You had 6 spell levels left.
You didn't know any spells.
Your spell library was empty.

Dungeon Overview and Level Annotations

Branches:
Dungeon (4/15)
 Temple: D:4-7

Altars:
Cheibriados
Makhleb


Innate Abilities, Weirdness & Mutations

You cannot wear boots.
Your serpentine skin is tough. (AC +2)
You have supernaturally acute eyesight. (SInv)
Armour fits poorly on your strangely shaped body.
Your system is resistant to poisons. (rPois)
You cover ground very slowly.
You have a slow metabolism.
You can spit poison.
You are partially covered in rugged brown scales. (AC +1, +3% HP)
You tend to lose your temper in combat.
You are dopey. (Int -2)


Message History

Beogh smites you!
* * * LOW HITPOINT WARNING * * *
Unknown command.
Throwing (i - inventory. (/) - cycle)
o - 5 poisoned javelins (quivered)
Press: ? - help, Shift-Dir - straight line, f - orc
Aim: an orc, wielding a club You throw a poisoned javelin.
The poisoned javelin barely misses the orc.
The poisoned javelin hits the orc priest.
The orc priest is poisoned.
The orc priest is lightly wounded.
You have got your breath back.
The orc priest calls down the wrath of Beogh upon you.
Beogh smites you!
* * * LOW HITPOINT WARNING * * *
The orc hits you with a club.
* * * LOW HITPOINT WARNING * * *
The orc priest invokes the aid of Beogh against you.
Beogh smites you!
You die...

..#####.##.##...##### #
#.#######......# # ##.##
##...###.# # ##.###.#.##
#.# # ##.#.##.# #.# #
##.###.# ##.## #
##.###.###.#.## #
#.#######......##.....###
#....oo@[........###....
#.####(#########....#..#.
#. .......#.#. #o
###....##.#. #.
#...##.##. #. #.#.. # #.
#o #.#.## #. .o
#....####. #......


You could see an orc priest and an orc.

Vanquished Creatures
  Sigmund (D:3)
  An orc warrior (D:4)
  2 hounds
  An orc priest (D:4)
  Ijyb (D:3)
  4 worker ants
  Natasha (thrice) (D:2)
  4 orc wizards (D:4)
  Robin (D:2)
  2 adders (D:3)
  2 oozes
  2 worms
  2 dart slugs
  5 leopard geckos
  4 orcs (D:4)
  A bat zombie (D:2)
  5 giant cockroaches
  14 goblins
  13 hobgoblins
  2 quokkas
  2 ball pythons
  7 bats
  3 frilled lizards
  9 kobolds
  7 rats
98 creatures vanquished.

Notes
Turn   | Place    | Note
-------+----------+-------------------------------------------
     0 | D:1      | Anon1729 the Naga Gladiator began the quest for the Orb.
     0 | D:1      | Reached XP level 1. HP: 19/19 MP: 1/1
   292 | D:1      | Reached XP level 2. HP: 14/26 MP: 2/2
   959 | D:1      | Reached XP level 3. HP: 30/32 MP: 3/3
  1541 | D:2      | Noticed Robin
  1576 | D:2      | Killed Robin
  1576 | D:2      | Reached skill level 1 in Armour
  1576 | D:2      | Reached XP level 4. HP: 16/40 MP: 4/4
  2069 | D:2      | Noticed Natasha
  2076 | D:2      | Killed Natasha
  2076 | D:2      | Reached skill level 4 in Axes
  2329 | D:2      | Noticed Natasha
  2338 | D:2      | Killed Natasha
  2338 | D:2      | Reached XP level 5. HP: 35/48 MP: 5/5
  2463 | D:2      | Noticed Natasha
  2467 | D:2      | Killed Natasha
  2555 | D:3      | Found a faded altar of an unknown god.
  2625 | D:3      | Found a burning altar of Makhleb.
  2760 | D:3      | Found a snail-covered altar of Cheibriados.
  2802 | D:3      | Noticed Ijyb
  2821 | D:3      | Killed Ijyb
  2870 | D:3      | Reached XP level 6. HP: 55/56 MP: 6/6
  3097 | D:3      | Noticed Sigmund
  3107 | D:3      | Killed Sigmund
  3107 | D:3      | Reached skill level 5 in Axes
  3314 | D:3      | Reached XP level 7. HP: 63/63 MP: 7/7
  3720 | D:4      | Gained mutation: You are dopey. (Int -2) [potion of
                  | mutation]
  3720 | D:4      | Gained mutation: You tend to lose your temper in combat.
                  | [potion of mutation]
  3720 | D:4      | Gained mutation: You are partially covered in rugged brown
                  | scales. (AC +1, +3% HP) [potion of mutation]
  3727 | D:4      | HP: 1/64 [orc warrior/battleaxe (12)]
  3728 | D:4      | Reached skill level 6 in Axes
  4336 | D:4      | HP: 3/67 [orc/club (1)]
  4336 | D:4      | Killed from afar by an orc priest

Skill      XL: |  1  2  3  4  5  6  7 |
---------------+----------------------+-----
Throwing       | 2 |  2.0
Armour         | 1 2 3 |  3.1
Axes           | 4 5 6 |  6.5
Dodging        | 3 |  3.0
Fighting       | 3 4 |  4.4

Action                   |  1- 3 |  4- 6 |  7- 9 || total
-------------------------+-------+-------+-------++-------
Melee: War axe           |   111 |   106 |    29 ||   246
       Unarmed           |       |     4 |       ||     4
       Battleaxe         |       |       |    14 ||    14
Throw: Javelin           |       |    24 |     9 ||    33
       Throwing net      |       |     1 |       ||     1
 Abil: Spit Poison       |     3 |     7 |     6 ||    16
  Use: Potion            |       |       |     3 ||     3
  Eat: Chunk             |     1 |     5 |     3 ||     9
Armor: Leather armour    |     7 |       |       ||     7
       Ring mail         |    61 |    49 |    26 ||   136
Dodge: Dodged            |    78 |    53 |    32 ||   163
